 Dungeon Crawl Stone Soup version 0.27-a0-577-ge2a43ba0c9 (webtiles) character file.

Game seed: 17076850594676422649

1549 spacewizard the Slinger (level 8, -1/39 HPs)
             Began as a Spriggan Arcane Marksman on Feb 25, 2021.
             Killed by divine providence
             ... invoked by an orc priest
              (15 damage)
             ... on level 6 of the Dungeon on Mar 9, 2021.
             The game lasted 00:32:47 (7227 turns).

spacewizard the Slinger (Spriggan Arcane Marksman)  Turns: 7227, Time: 00:32:47

Health: -1/39      AC:  6    Str:  6    XL:     8   Next: 57%
Magic:  8/12       EV: 19    Int: 15    God:
Gold:   275        SH:  0    Dex: 17    Spells: 8/11 levels left

rFire    . . .     SeeInvis +   a - +0 hunting sling
rCold    . . .     Faith    .   (shield restricted)
rNeg     . . .     Spirit   .   e - +0 robe
rPois    .         Reflect  .   (helmet restricted)
rElec    .         Harm     .   (no cloak)
rCorr    .         Rampage  .   (gloves unavailable)
Will     +....                  (boots unavailable)
Stlth    ++........             (no amulet)
HPRegen  0.13/turn              h - +4 ring of protection
MPRegen  0.13/turn              (no ring)

@: very quick
A: very small, unfitting armour, see invisible, speed 3
a: no special abilities


You were on level 6 of the Dungeon.
You visited 1 branch of the dungeon, and saw 6 of its levels.

You collected 275 gold pieces.

Inventory:

Hand Weapons
 a - a +0 hunting sling (weapon)
 b - a +0 dagger of venom
 z - the +9 quarterstaff of Breach {holy, *Drain +Inv SInv}
   (You found it on level 5 of the Dungeon)

   It has been blessed by the Shining One to cause great damage to the undead
   and demons.
   It lets you see invisible.
   It lets you turn invisible.
   It causes draining when unequipped.
Missiles
 m - 19 poisoned darts
 n - 40 bolts
 o - 6 sling bullets (quivered ammo)
Armour
 e - a +0 robe (worn)
Jewellery
 h - a +4 ring of protection (left hand)
 y - a ring of ice
Wands
 s - a wand of polymorph (6)
 u - a wand of digging (4)
 x - a wand of flame (23) (quivered)
Scrolls
 c - a scroll of enchant weapon {unknown}
 d - 2 scrolls of enchant armour {unknown}
 f - 8 scrolls of identify {unknown}
 g - 6 scrolls of magic mapping {unknown}
 k - 2 scrolls of blinking {unknown}
 r - a scroll of random uselessness {unknown}
 t - a scroll of teleportation {unknown}
Potions
 i - a potion of flight {unknown}
 j - a potion of haste {unknown}
 l - 5 potions of curing {unknown}
 p - 3 potions of might {unknown}
 q - 3 potions of brilliance {unknown}
 w - a potion of berserk rage {unknown}
 A - a potion of attraction {unknown}
 B - a potion of cancellation {unknown}
 C - 3 potions of resistance {unknown}


   Skills:
 + Level 2.8 Fighting
 + Level 2.6 Short Blades
 + Level 9.2(9.8) Slings
 + Level 4.3(6.6) Throwing
 + Level 4.2 Dodging
 + Level 2.6 Stealth
 + Level 2.2 Spellcasting
 + Level 4.9 Hexes
 + Level 0.4 Evocations


You had 8 spell levels left.
You knew the following spells:

 Your Spells              Type           Power      Damage    Failure   Level
a - Corona                Hex            17%        N/A       3%          1
b - Slow                  Hex            16%        N/A       4%          2

Your spell library contained the following spells:

 Spells                   Type           Power      Damage    Failure   Level
 Inner Flame              Hex/Fire       9%         N/A       24%         3
 Portal Projectile        Hex/Tloc       18%        N/A       24%         3
 Cause Fear               Hex            8%         N/A       28%         4
 Leda's Liquefaction      Hex/Erth       4%         N/A       61%         4


Dungeon Overview and Level Annotations

Branches:
Dungeon (6/15)             Temple (0/1) D:5

Altars:
Dithmenos
Elyvilon
Hepliaklqana
Kikubaaqudgha
Vehumet
Wu Jian
Xom
Zin
The Shining One

Shops:
D:6 *

Annotations:
D:6 1 transporter, dbrn's ghost, novice HOFi


Innate Abilities, Weirdness & Mutations

You are very small and have problems with some larger weapons.
You are too small for most types of armour.
You have supernaturally acute eyesight. (SInv)
You cover ground extremely quickly. (Speed+++)


Message History

The orc priest resists with significant effort.
You hear a shout!
An orc comes into view. It is wielding a +0 dagger.
An orc warrior comes into view. It is wielding a +0 long sword.
Aiming: Slow (safe; 4% risk of failure)
Press: ? - help, Q - select action, (/) - cycle Shift-Dir - straight line, f/p - orc priest
Aim: an orc priest, wielding a +2 morningstar of venom (chance to affect: 53%)
The orc priest resists with significant effort.
The orc warrior shouts!
The orc shouts!
Aiming: Slow (safe; 4% risk of failure)
Press: ? - help, Q - select action, (/) - cycle Shift-Dir - straight line, f/p - orc priest
Aim: an orc priest, wielding a +2 morningstar of venom (chance to affect: 53%)
The orc priest seems to slow down.
The orc priest mumbles some strange prayers to Beogh against you.
You resist with some effort.
The puff of flame hits the orc priest.
The orc priest is moderately wounded.
The puff of flame hits the orc priest.
The orc priest is heavily wounded.
An orc comes into view. It is wielding a +0 flail.
The puff of flame hits the orc priest.
The orc priest is severely wounded.
The orc shouts!
The puff of flame misses the orc warrior.
The puff of flame hits the orc.
The orc is severely wounded.
The puff of flame hits the orc warrior but does no damage.
Dbrn's ghost says very slowly, "There's no hope."
The orc warrior completely misses you.
The puff of flame hits the orc warrior.
The orc warrior is lightly wounded.
The orc warrior hits you with a +0 long sword!!
The puff of flame hits the orc warrior but does no damage.
The orc warrior is lightly wounded.
The orc warrior hits you with a +0 long sword.
You are too injured to fight recklessly!
The orc priest mumbles some strange prayers to Beogh against you.
Beogh smites you!
You die...

##.....#........# .....# #.
......###.....[#.... ....# ##..
................... #...###...
...#...##.......... #........
..##.>..#.........# .o....#
.####.............# #o...# . .#
#............. ##...###...
######...........#####o.........
................@..o.oo.....©.©.
..≈................##o.#########
...................###.#W...!)(.
#.∩.§....#..........####.#..#.#.
.......#.#...........###..##...#
..≈....#.#........##..##..# ...#
......#.#..............#.#. .#.
........##.#.....#..#..#.... .
#....##.##.)......####.##########


You could see an orc warrior, an orc priest (slow) and 3 orcs.

Vanquished Creatures
  Pikel (D:3)
  3 ogres
  A phantom (D:6)
  A bullfrog (D:6)
  2 scorpions
  2 electric eels (D:6)
  A centaur skeleton (D:4)
  A centaur zombie (D:5)
  3 hounds
  2 iguanas
  A bullfrog skeleton (D:4)
  Natasha (thrice) (D:4)
  5 adders
  4 gnolls (D:2)
  5 ufetubi
  An ooze (D:1)
  An adder skeleton (D:6)
  A worm (D:4)
  6 dart slugs
  4 leopard geckos
  6 orcs
  6 bats
  7 giant cockroaches
  5 goblins
  5 hobgoblins
  5 jackals (D:2)
  3 quokkas
  A ball python (D:1)
  6 frilled lizards
  7 kobolds
  4 rats
103 creatures vanquished.

Notes
Turn   | Place    | Note
-------+----------+-------------------------------------------
     0 | D:1      | spacewizard the Spriggan Arcane Marksman began the quest
                  | for the Orb.
     0 | D:1      | Reached XP level 1. HP: 9/9 MP: 3/3
    50 | D:1      | Reached XP level 2. HP: 9/14 MP: 5/5
   421 | D:1      | Reached skill level 3 in Slings
   463 | D:1      | You fall into a shaft and drop 1 floor!
   665 | D:1      | Found a shimmering altar of Xom.
   679 | D:1      | Reached XP level 3. HP: 17/17 MP: 6/6
   960 | D:2      | Reached skill level 4 in Slings
  1487 | D:2      | Reached XP level 4. HP: 8/21 MP: 7/7
  1650 | D:2      | Found a glowing golden altar of the Shining One.
  1662 | D:2      | Reached skill level 1 in Fighting
  1947 | D:2      | Found a hazy altar of Hepliaklqana.
  2745 | D:3      | Reached skill level 1 in Throwing
  2823 | D:3      | Reached skill level 5 in Slings
  2993 | D:3      | Reached XP level 5. HP: 25/25 MP: 8/8
  3274 | D:3      | Found a shimmering altar of Xom.
  3275 | D:3      | Found a radiant altar of Vehumet.
  3337 | D:4      | Noticed Pikel
  3337 | D:4      | Noticed a lemure
  3337 | D:4      | Noticed a lemure
  3337 | D:4      | Noticed a lemure
  3337 | D:4      | Noticed a lemure
  3429 | D:3      | Killed Pikel
  3430 | D:3      | Reached skill level 1 in Short Blades
  3430 | D:3      | Reached skill level 7 in Slings
  3430 | D:3      | Reached skill level 1 in Stealth
  3430 | D:3      | Reached XP level 6. HP: 30/30 MP: 9/9
  3430 | D:3      | Reached XP level 7. HP: 34/34 MP: 10/10
  4017 | D:4      | Found an ancient bone altar of Kikubaaqudgha.
  4227 | D:4      | Found an ornate altar of the Wu Jian Council.
  4337 | D:4      | Noticed Natasha
  4342 | D:4      | Killed Natasha
  4463 | D:4      | Noticed Natasha
  4477 | D:4      | Killed Natasha
  4478 | D:4      | Reached XP level 8. HP: 39/39 MP: 11/11
  4776 | D:4      | Noticed Natasha
  4785 | D:4      | Killed Natasha
  4786 | D:4      | Reached skill level 8 in Slings
  4828 | D:5      | Entered Level 5 of the Dungeon
  4851 | D:5      | Found a staircase to the Ecumenical Temple.
  4994 | D:5      | Found a glowing silver altar of Zin.
  5096 | D:5      | Identified an ancient quarterstaff
  5100 | D:5      | Upgraded the game from 0.27-a0-416-gca2cecf3c0 to
                  | 0.27-a0-553-ge0ab5a2769
  5103 | D:5      | Learned a level 2 spell: Slow
  5118 | D:5      | Found a shadowy altar of Dithmenos.
  5173 | D:5      | Found a white marble altar of Elyvilon.
  6022 | D:6      | Upgraded the game from 0.27-a0-553-ge0ab5a2769 to
                  | 0.27-a0-577-ge2a43ba0c9
  6309 | D:6      | Reached skill level 9 in Slings
  6488 | D:6      | Found Deirchyrph's Elemental Accessories.
  6671 | D:6      | Found a shimmering altar of Xom.
  7205 | D:6      | Found a transporter.
  7206 | D:6      | Noticed dbrn's ghost (novice HOFi)
  7227 | D:6      | Killed from afar by an orc priest

Illustrated notes

Levels and vault maps discovered:
D:1:      dpeg_arrival_arbitrary_a, layout_loops_ring, xom_teletrap_fun
D:2:      layout_rooms, overflow_temple_1_default, serial_glass,
          glass_columns_c, glass_columns_a, grunt_ministairs_13, tso_metal_star
D:3:      layout_loops_ring, gammafunk_temple_overflow_pools
D:4:      layout_cave_pools, marbit_many_paths,
          pdpol_wu_jian_five_deadly_venoms, serial_bayou_pond_c, uniq_pikel,
          uniq_natasha
D:5:      layout_gridville, kennysheep_little_box, elyvilon_altar_4,
          grunt_dithmenos_smoke, minmay_temple_entry_from_below_a
D:6:      layout_layer_cave, gammafunk_ghost_smash, basic_altar,
          nicolae_elemental_shop, serial_bayou_ford_a

Skill      XL: |  1  2  3  4  5  6  7  8 |
---------------+-------------------------+-----
Hexes          | 4 |  4.9
Slings         | 3 4 5 7 9 |  9.2
Fighting       | 1 2 |  2.8
Dodging        | 3 4 |  4.2
Throwing       | 1 2 4 |  4.3
Short Blades   | 1 2 |  2.6
Stealth        | 1 2 |  2.6
Spellcasting   | 2 |  2.2
Evocations     | |  0.4

Action                   |  1- 3 |  4- 6 |  7- 9 || total
-------------------------+-------+-------+-------++-------
Melee: Dagger            |    45 |    40 |    72 ||   157
 Fire: Hunting sling     |    59 |    51 |   136 ||   246
Throw: Dart              |     8 |    29 |    31 ||    68
 Cast: Slow              |       |       |    10 ||    10
       Corona            |       |       |     4 ||     4
Evoke: Wand              |       |       |    14 ||    14
Armor: Robe              |     2 |    10 |     9 ||    21
Dodge: Dodged            |    71 |    39 |    95 ||   205

Table legend: (Time is in decaauts)
 A = Elapsed time spent in this place.
 B = Non-inter-level travel time spent in this place.
 C = Inter-level travel time spent in this place.
 D = Time resting spent in this place.
 E = Time spent auto-exploring this place.
 F = Levels seen in this place.
 G = Mean time per level.
                   A        B        C        D        E       F      G
               +--------+--------+--------+--------+--------+-----+--------+
         Total |   5260 |   5074 |    186 |    302 |   3598 |   6 |  876.7 |
       Dungeon |   5260 |   5074 |    186 |    302 |   3598 |   6 |  876.7 |
               +--------+--------+--------+--------+--------+-----+--------+

Top non-repeatable levels by time:
     D:4: 962 daAuts
     D:1: 925 daAuts
     D:3: 874 daAuts
     D:2: 847 daAuts
     D:6: 832 daAuts
     D:5: 818 daAuts
